 Dungeon Crawl Stone Soup version 0.22.0 (webtiles) character file.

913 glosham the Chopper (level 8, 48/48 HPs)
             Began as a Gargoyle Fighter on Aug 10, 2018.
             Was an Initiate of Makhleb.
             Quit the game on level 5 of the Dungeon.
             The game lasted 00:27:22 (3321 turns).

glosham the Chopper (Gargoyle Fighter)              Turns: 3321, Time: 00:27:23

Health: 48/48      AC: 21    Str: 21    XL:     8   Next: 9%
Magic:  8/8        EV:  5    Int:  9    God:    Makhleb [......]
Gold:   195        SH:  9    Dex: 13    Spells: 7/7 levels left

rFire    . . .     SeeInvis .   a - +0 war axe
rCold    . . .     Gourm    .   c - +0 shield
rNeg     + . .     Faith    .   d - +0 chain mail
rPois    ∞         Spirit   .   H - +2 helmet
rElec    +         Reflect  .   (no cloak)
rCorr    .         Harm     .   V - +2 pair of gloves
MR       .....                  (no boots)
Stlth    ..........             (no amulet)
HPRegen  0.16/turn              A - +3 ring of dexterity
MPRegen  0.11/turn              (no ring)

@: no status effects
A: negative energy resistance 1, electricity resistance, unbreathing,
petrification resistance, rot immunity, AC +5
a: Renounce Religion


You were on level 5 of the Dungeon.
You worshipped Makhleb.
Makhleb was noncommittal.
You were not hungry.

You visited 1 branch of the dungeon, and saw 5 of its levels.

You collected 195 gold pieces.

Inventory:

Hand Weapons
 a - a +0 war axe (weapon)
 b - a +0 shortbow
 i - a +0 hunting sling
 j - a +3 flail of crushing
 m - a +0 trident
 t - a +1 flail of holy wrath
 w - a +0 morningstar
 z - a +0 blowgun
 B - a cursed -2 blowgun
Missiles
 f - 89 arrows
 h - 199 stones (quivered)
 s - 6 tomahawks
 u - 24 sling bullets
 D - 6 curare-tipped needles
 I - 38 bolts
Armour
 c - a +0 shield (worn)
 d - a +0 chain mail (worn)
 H - a +2 helmet (worn)
 V - a +2 pair of gloves (worn)
Jewellery
 A - a +3 ring of dexterity (left hand)
 C - an uncursed ring of ice
Scrolls
 k - 2 scrolls of teleportation
 l - 2 scrolls of blinking
 n - 2 scrolls of magic mapping
 o - 3 scrolls of remove curse
 p - a scroll of identify
 q - a scroll of enchant armour
 G - a scroll of amnesia
Potions
 g - a potion of brilliance
 r - 2 potions of curing
 v - 3 potions of haste
 x - a potion of agility
 y - 2 potions of might
 E - a potion of berserk rage {!q}
Comestibles
 e - 6 rations


   Skills:
 + Level 4.6 Fighting
 * Level 7.9 Axes
 - Level 3.2 Armour
 - Level 3.2 Shields


You had 7 spell levels left.
You didn't know any spells.
Your spell library was empty.

Dungeon Overview and Level Annotations

Branches:
Dungeon (5/15)             Temple (0/1) D:5

Altars:
Ashenzari
Cheibriados
Dithmenos
Makhleb
Nemelex Xobeh
Ru
Trog
Vehumet
Wu Jian
Yredelemnul

Shops:
D:5 (


Innate Abilities, Weirdness & Mutations

You are resistant to torment.
Your stone body is resilient. (AC +5)
You are immune to poison.
You resist negative energy. (rN+)
You are resistant to electric shocks. (rElec)
You can survive without breathing.
You are immune to petrification.
You are immune to rotting.


Message History

You kill the orc!
Makhleb accepts your kill.
You barely miss the leopard gecko. You block the leopard gecko's attack.
You miss the leopard gecko.
The leopard gecko bites you but does no damage.
You slash the leopard gecko!
You kill the leopard gecko!
Makhleb accepts your kill.
No target in view!
No target in view!
No target in view!
No target in view!
No target in view!
No target in view!
No target in view!
No target in view!
No target in view!
No target in view!
No target in view!
No target in view!
No target in view!
No target in view!
No target in view!
No target in view!
No target in view!
No target in view!
No target in view!
No target in view!
No target in view!
No target in view!
No target in view!
Things that are here:
a hand axe; a leather armour; an orc corpse
Found a stone staircase leading down.
There is an entrance to Jemiwuuh's Antique Weapon Boutique here.
Saving game... please wait.
Welcome back, glosham the Gargoyle Fighter.
Blood and souls for Makhleb!
Press ? for a list of commands and other information.
Are you sure you want to abandon this character and quit the game? (Confirm with "yes".)

#.# ...# #.#.#
#.#######.###
#.#.#
#.........#####
....#
#..............
.#...
#............# .
.## ##.....[....#
#.......†.....#
####..........###
#.....@.......#
...........###.#
###.........# .
##.#......#
#.######... #
...# ....> ..##


There were no monsters in sight!

Vanquished Creatures
  Sigmund (D:4)
  The ghost of Lilu the Covert, an amateur OpAs (D:3)
  Edmund (D:4)
  A black bear (D:4)
  A centaur (D:4)
  2 quasits (D:3)
  An orc priest (D:4)
  An orc wizard (D:4)
  A worker ant (D:4)
  Robin (D:3)
  6 adders
  4 oozes
  3 dart slugs
  5 leopard geckos
  5 orcs
  3 ball pythons
  6 giant cockroaches
  21 goblins
  8 hobgoblins
  5 jackals
  A quokka (D:3)
  14 bats
  5 frilled lizards
  A giant cockroach zombie (D:4)
  A jackal skeleton (D:4)
  6 kobolds
  9 rats
114 creatures vanquished.

Notes
Turn   | Place    | Note
-------+----------+-------------------------------------------
     0 | D:1      | glosham the Gargoyle Fighter began the quest for the Orb.
     0 | D:1      | Reached XP level 1. HP: 14/14 MP: 1/1
   111 | D:1      | Reached skill level 2 in Axes
   115 | D:1      | Reached XP level 2. HP: 16/19 MP: 2/2
   200 | D:1      | Reached skill level 3 in Axes
   206 | D:1      | Reached XP level 3. HP: 21/23 MP: 3/3
   545 | D:3      | Reached XP level 4. HP: 22/28 MP: 4/4
   582 | D:3      | Reached skill level 4 in Axes
   629 | D:4      | Found a basalt altar of Yredelemnul.
   658 | D:4      | Noticed a black bear
   664 | D:4      | Found a sparkling altar of Nemelex Xobeh.
   684 | D:4      | Killed a black bear
   684 | D:4      | Reached skill level 5 in Axes
   684 | D:4      | Reached XP level 5. HP: 12/32 MP: 5/5
  1049 | D:4      | Noticed an ogre
  1052 | D:4      | Noticed Sigmund
  1059 | D:4      | Noticed Edmund
  1119 | D:4      | Killed Edmund
  1119 | D:4      | Reached skill level 6 in Axes
  1119 | D:4      | Reached XP level 6. HP: 37/37 MP: 6/6
  1125 | D:4      | Killed Sigmund
  1125 | D:4      | Reached XP level 7. HP: 41/41 MP: 7/7
  1183 | D:4      | Reached skill level 7 in Axes
  1269 | D:3      | Found a transporter.
  1309 | D:3      | Found a transporter.
  1315 | D:3      | Noticed Lilu's ghost (amateur OpAs)
  1353 | D:3      | Killed Lilu's ghost
  1353 | D:3      | Reached skill level 4 in Fighting
  1409 | D:2      | Found a sacrificial altar of Ru.
  2034 | D:3      | Found a shattered altar of Ashenzari.
  2046 | D:3      | Found a snail-covered altar of Cheibriados.
  2049 | D:3      | Found a radiant altar of Vehumet.
  2069 | D:3      | Found a bloodstained altar of Trog.
  2197 | D:3      | Reached XP level 8. HP: 48/48 MP: 8/8
  2239 | D:3      | Noticed Robin
  2279 | D:3      | Killed Robin
  2417 | D:2      | Found a shadowy altar of Dithmenos.
  2420 | D:2      | Found an ornate altar of the Wu Jian Council.
  2801 | D:2      | Found a burning altar of Makhleb.
  2809 | D:2      | Became a worshipper of Makhleb the Destroyer
  3132 | D:5      | Entered Level 5 of the Dungeon
  3263 | D:5      | Found a staircase to the Ecumenical Temple.
  3304 | D:5      | Found Jemiwuuh's Antique Weapon Boutique.
  3321 | D:5      | Quit the game

Skill      XL: |  1  2  3  4  5  6  7 |
---------------+----------------------+-----
Axes           | 2 3 5 6 7 |  7.9
Fighting       | 4 |  4.6
Armour         | |  3.2
Shields        | |  3.2

Action                   |  1- 3 |  4- 6 |  7- 9 || total
-------------------------+-------+-------+-------++-------
Melee: War axe           |   104 |    66 |   235 ||   405
  Use: Scroll            |     6 |       |    11 ||    17
       Potion            |       |     3 |       ||     3
  Eat: Chunk             |       |     1 |     8 ||     9
Armor: Chain mail        |    87 |    38 |   179 ||   304
       Scale mail        |     8 |       |       ||     8
       Skin              |       |     6 |       ||     6
Dodge: Dodged            |    31 |    13 |    56 ||   100
Block: Shield            |    80 |    32 |   111 ||   223

Table legend:
 A = Turns spent in this place as a percentage of turns spent in the entire game.
 B = Non-inter-level travel turns spent in this place as a percentage of non-inter-level travel turns spent in the entire game.
 C = Inter-level travel turns spent in this place as a percentage of turns spent in this place.
 D = Turns resting spent in this place as a percentage of non-inter-level travel turns spent in this place.
 E = Turns spent auto-exploring this place as a percentage of non-inter-level travel turns spent in this place.
 F = Non-inter-level travel turns spent in this place divided by the number of levels of this place that you've seen.
                   A       B       C       D       E      F
               +-------+-------+-------+-------+-------+----------------------
         Total | 100.0 | 100.0 |   3.7 |   8.4 |  46.5 | 639.8
       Dungeon | 100.0 | 100.0 |   3.7 |   8.4 |  46.5 | 639.8
               +-------+-------+-------+-------+-------+----------------------

Table legend:
 A = Kills in this place as a percentage of kills in entire the game.
 B = Kills by you in this place as a percentage of kills by you in the entire game.
 C = Kills by friends in this place as a percentage of kills by friends in the entire game.
 D = Other kills in this place as a percentage of other kills in the entire game.
 E = Experience gained in this place as a percentage of experience gained in the entire game.
 F = Experience gained in this place divided by the number of levels of this place that you have seen.
                   A       B       C       D       E      F
               +-------+-------+-------+-------+-------+----------------------
         Total | 100.0 | 100.0 |   N/A |   N/A | 100.0 | 261.0
       Dungeon | 100.0 | 100.0 |   N/A |   N/A | 100.0 | 261.0
               +-------+-------+-------+-------+-------+----------------------

Vault maps used:
D:1:      lightli_arrival_quake
D:2:      chequers_temple_overflow_statue_of_worship,
          nicolae_ru_sacrificial_ziggurat, lemuel_round_altar, first_ration
D:3:      kennysheep_goblin_castle, grunt_temple_overflow_cloverleaf,
          gammafunk_ghost_stat_death
D:4:      yredelemnul_altar_generic, nemelex_dance_club_becter, uniq_sigmund,
          uniq_edmund
D:5:      minmay_temple_entry_statues, serial_shops, shop,
          corexii_hall_statues_i, lightli_church_of_beogh, uniq_eustachio
